 Dungeon Crawl Stone Soup version 0.23.2-30-g0e89c35649 (webtiles) character file.

Game seed: 14746077563540622886

594 lepoulpe303 the Grave Robber (level 7, -2/62 HPs)
             Began as a Deep Dwarf Necromancer on June 21, 2019.
             Slain by a centaur (4 damage)
             ... on level 4 of the Dungeon.
             The game lasted 00:22:18 (4523 turns).

lepoulpe303 the Grave Robber (DDNe)                 Turns: 4523, Time: 00:22:19

Health: -2/62      AC:  3    Str: 12    XL:     7   Next: 16%
Magic:  5/11       EV: 13    Int: 20    God:
Gold:   246        SH:  4    Dex: 13    Spells: 2/11 levels left

rFire    + . .     SeeInvis .   a - +0 hand axe (venom)
rCold    + . .     Gourm    .   f - +0 buckler
rNeg     . . .     Faith    .   o - +0 robe
rPois    .         Spirit   .   m - +1 helmet {Int+3} {Int+3}
rElec    .         Reflect  .   n - scarf {rC+ rF+}
rCorr    .         Harm     .   (no gloves)
MR       +....                  (no boots)
Stlth    +++.......             (no amulet)
HPRegen  0.00/turn              q - +3 ring of protection
MPRegen  0.12/turn              (no ring)

@: corroded, non-regenerating
A: damage resistance, heal wounds, sense surroundings 1, no regeneration
a: Heal Wounds


You were on level 4 of the Dungeon.
You were not hungry.

You visited 1 branch of the dungeon, and saw 4 of its levels.

You collected 246 gold pieces.

Inventory:

Hand Weapons
 a - a +0 hand axe of venom (weapon)
 b - a +0 short sword
Missiles
 h - 21 poisoned needles
 j - 3 needles of sleeping
 v - 2 tomahawks of returning (quivered)
 w - 4 tomahawks
 Q - 91 stones
Armour
 f - a +0 buckler (worn)
 m - a +1 helmet of intelligence (worn) {Int+3}
 n - a scarf of resistance (worn)
 o - a +0 robe (worn)
Jewellery
 q - a +3 ring of protection (left hand)
Wands
 s - a wand of paralysis (6)
Scrolls
 c - a scroll of amnesia
 d - a scroll of enchant armour
 i - a scroll of identify
 r - a scroll of remove curse {unknown}
 t - 2 scrolls of teleportation
 x - a scroll of fog {unknown}
Potions
 g - a potion of brilliance {unknown}
 l - 2 potions of might {unknown}
 p - a potion of curing {unknown}
 u - 3 potions of lignification {unknown}
Comestibles
 e - 4 rations


   Skills:
 * Level 3.3 Fighting
 + Level 1.9 Axes
 + Level 3.4 Dodging
 + Level 4.2 Stealth
 + Level 2.1 Shields
 + Level 2.7 Spellcasting
 * Level 5.9 Necromancy


You had 2 spell levels left.
You knew the following spells:

 Your Spells              Type           Power        Failure   Level  Hunger
a - Pain                  Necr           ####         1%          1    None
b - Animate Dead          Necr           N/A          16%         4    ####...
x - Vampiric Draining     Necr           ####......   4%          3    ###....
A - Animate Skeleton      Necr           N/A          1%          1    None

Your spell library contained the following spells:

 Spells                   Type           Power        Failure   Level  Hunger
 Regeneration             Chrm/Necr      Unusable     N/A         3    N/A

Dungeon Overview and Level Annotations

Branches:
Dungeon (4/15)
 Temple: D:4-7

Altars:
Nemelex Xobeh

Annotations:
D:4 exclusion: Ijyb, Blork the orc, Ijyb


Innate Abilities, Weirdness & Mutations

You are resistant to damage.
You can heal yourself by infusing magical energy.
You passively map a small area around you.
You do not regenerate.


Message History

The arrow hits you but does no damage.
You see here an arrow.
The ogre barely misses you.
Aim: a centaur, wielding a +0 shortbow (moderately wounded)
You feel life coursing into your body.
Ijyb shouts!
You are starving!
The centaur unwields a +0 shortbow.
The centaur hits you.
* * * LOW HITPOINT WARNING * * *
Ijyb zaps a wand.
The bolt of acid hits you!
* * * LOW HITPOINT WARNING * * *
The acid corrodes you!
You are splashed with acid!
* * * LOW HITPOINT WARNING * * *
You take 19 damage, and have 2/62 hp.
MASSIVE DAMAGE!!
You now have 5/11 mp.
You eat one of the 5 rations.
That ration really hit the spot!
The centaur hits you.
You die...

.(##...##...#...............
...#...#....'...............
...'...'....#...............
*
'############...............
..............g...##########
..................#
.....g............#
.......O..........####
#####....###'###@....# ,
....#..(..#Oc...# , * +
..,#....('(....# , , ,
###+###((...#, *
.......l....# .......>....#
, , , ,...l........+, ,, ,
............# ,............#
*


You could see an ogre, Ijyb, a centaur and an iguana.

Levels and vault maps discovered:
D:1:      minmay_arrival_plants_in_alcoves, layout_basic,
          nemelex_xobeh_ov_fountains_minmay
D:2:      layout_loops_ring, minivault_11
D:3:      layout_rooms, first_ration, uniq_jessica
D:4:      layout_gridville, tgw_sif, uniq_ijyb, uniq_eustachio

Notes
Turn   | Place    | Note
-------+----------+-------------------------------------------
     0 | D:1      | lepoulpe303 the Deep Dwarf Necromancer began the quest for
                  | the Orb.
     0 | D:1      | Reached XP level 1. HP: 15/15 MP: 3/3
    23 | D:1      | Identified a +0 club
    24 | D:1      | Identified a +0 short sword
    36 | D:1      | Identified a +0 club
    70 | D:1      | Identified a +0 dagger
   107 | D:1      | Identified a +0 short sword
   163 | D:1      | HP: 4/16 [kobold/+0 short sword (3)]
   172 | D:1      | Reached XP level 2. HP: 4/24 MP: 0/4
   237 | D:1      | Learned a level 1 spell: Animate Skeleton
   268 | D:1      | HP: 3/24 [dart slug/slug dart (1)]
   360 | D:1      | Identified a +0 dagger
   416 | D:1      | Reached skill level 1 in Fighting
   501 | D:1      | Identified a +0 club
   611 | D:1      | Identified a +0 dagger
   623 | D:1      | Reached skill level 2 in Spellcasting
   680 | D:1      | Found a sparkling altar of Nemelex Xobeh.
   708 | D:1      | Identified a +0 short sword
  1048 | D:2      | Identified a +0 cloak (You found it on level 2 of the
                  | Dungeon)
  1053 | D:2      | Reached XP level 3. HP: 4/31 MP: 4/6
  1058 | D:2      | Learned a level 3 spell: Vampiric Draining
  1124 | D:2      | Reached skill level 3 in Stealth
  1247 | D:2      | Identified a scarf of resistance (You found it on level 2
                  | of the Dungeon)
  2003 | D:2      | Identified a +0 helmet of intelligence (You found it on
                  | level 2 of the Dungeon)
  2151 | D:3      | Identified a +0 dagger
  2158 | D:3      | Reached XP level 4. HP: 25/39 MP: 1/7
  2226 | D:3      | Identified a +0 dagger
  2226 | D:3      | Identified a +0 robe
  2227 | D:3      | Identified a +0 hand axe of venom
  2227 | D:3      | Identified a +0 flail
  2239 | D:3      | Identified a +0 hand axe
  2239 | D:3      | Identified a +0 dagger
  2239 | D:3      | Identified a +0 robe
  2244 | D:3      | Identified a +0 club
  2390 | D:3      | Reached skill level 2 in Fighting
  2390 | D:3      | Reached skill level 5 in Necromancy
  2430 | D:3      | Identified a +0 flail
  2465 | D:3      | Identified a +0 club
  2465 | D:3      | Identified a +0 ring mail
  2508 | D:3      | Identified a +0 club
  2508 | D:3      | Identified a +0 scale mail
  2508 | D:3      | Identified a +0 club
  2594 | D:3      | Identified a +0 robe
  2594 | D:3      | Noticed Jessica
  2594 | D:3      | Identified a +0 flail
  2594 | D:3      | Identified a +0 leather armour
  2596 | D:3      | Killed Jessica
  2596 | D:3      | Reached XP level 5. HP: 38/45 MP: 8/8
  2679 | D:3      | Identified a +0 club
  2679 | D:3      | Identified a +0 leather armour
  2685 | D:3      | Identified a +0 club
  2685 | D:3      | Identified a +0 leather armour
  2686 | D:3      | Identified a +0 trident
  2692 | D:3      | Reached skill level 1 in Shields
  2830 | D:3      | Identified a +0 leather armour
  2889 | D:3      | Identified a +0 whip
  2906 | D:3      | Identified a +0 mace
  2979 | D:3      | Identified a +0 buckler (You found it on level 1 of the
                  | Dungeon)
  2990 | D:3      | Identified a +0 hand axe
  3019 | D:3      | HP: 7/46 [orc priest/divine providence (12)]
  3155 | D:3      | Reached skill level 1 in Axes
  3202 | D:3      | HP: 1/46 [orc priest/divine providence (13)]
  3335 | D:3      | Identified a +0 club
  3468 | D:3      | HP: 3/46 [orc priest/divine providence (6)]
  3472 | D:3      | Reached skill level 3 in Dodging
  3635 | D:3      | Identified 3 scrolls of teleportation
  3638 | D:3      | Identified 2 scrolls of enchant armour
  3639 | D:3      | Identified 2 scrolls of amnesia
  3640 | D:3      | Identified 2 scrolls of identify
  3640 | D:3      | Identified a ring of protection (You found it on level 2 of
                  | the Dungeon)
  3829 | D:4      | HP: 5/46 [bullfrog (4)]
  3830 | D:4      | Reached XP level 6. HP: 6/55 MP: 0/9
  3935 | D:4      | Identified a +0 mace
  3984 | D:4      | Learned a level 4 spell: Animate Dead
  3992 | D:4      | Identified a +0 long sword
  3992 | D:4      | Identified a +0 robe
  3992 | D:4      | Noticed Blork the orc
  4000 | D:4      | Identified a +0 rapier
  4000 | D:4      | Identified a +0 leather armour
  4000 | D:4      | Noticed Eustachio
  4044 | D:4      | Identified a cursed -3 giant club
  4062 | D:4      | Reached skill level 3 in Fighting
  4206 | D:4      | Killed Eustachio
  4206 | D:4      | Reached skill level 4 in Stealth
  4206 | D:4      | Reached skill level 2 in Shields
  4206 | D:4      | Reached XP level 7. HP: 38/62 MP: 1/10
  4473 | D:4      | Identified a +0 leather armour
  4473 | D:4      | Noticed Ijyb
  4473 | D:4      | Identified a +0 giant club
  4507 | D:4      | Identified a +0 shortbow
  4522 | D:4      | HP: 10/62 [Ijyb/wand of acid (8) (14)]
  4522 | D:4      | HP: 2/62 [acid (8)]
  4523 | D:4      | Slain by a centaur

Table legend:
 A = Turns spent in this place as a percentage of turns spent in the entire game.
 B = Non-inter-level travel turns spent in this place as a percentage of non-inter-level travel turns spent in the entire game.
 C = Inter-level travel turns spent in this place as a percentage of turns spent in this place.
 D = Turns resting spent in this place as a percentage of non-inter-level travel turns spent in this place.
 E = Turns spent auto-exploring this place as a percentage of non-inter-level travel turns spent in this place.
 F = Non-inter-level travel turns spent in this place divided by the number of levels of this place that you've seen.
                   A       B       C       D       E      F
               +-------+-------+-------+-------+-------+----------------------
         Total | 100.0 | 100.0 |   5.5 |  31.2 |  39.6 | 1068.0
       Dungeon | 100.0 | 100.0 |   5.5 |  31.2 |  39.6 | 1068.0
               +-------+-------+-------+-------+-------+----------------------

Table legend:
 A = Kills in this place as a percentage of kills in entire the game.
 B = Kills by you in this place as a percentage of kills by you in the entire game.
 C = Kills by friends in this place as a percentage of kills by friends in the entire game.
 D = Other kills in this place as a percentage of other kills in the entire game.
 E = Experience gained in this place as a percentage of experience gained in the entire game.
 F = Experience gained in this place divided by the number of levels of this place that you have seen.
                   A       B       C       D       E      F
               +-------+-------+-------+-------+-------+----------------------
         Total | 100.0 | 100.0 | 100.0 |   N/A | 100.0 | 212.2
       Dungeon | 100.0 | 100.0 | 100.0 |   N/A | 100.0 | 212.2
               +-------+-------+-------+-------+-------+----------------------

Skill      XL: |  1  2  3  4  5  6 |
---------------+-------------------+-----
Fighting       | 1 2 3 |  3.3
Spellcasting   | 2 |  2.7
Stealth        | 3 4 |  4.2
Necromancy     | 5 |  5.9
Shields        | 1 2 |  2.1
Axes           | 1 |  1.9
Dodging        | 3 |  3.4

Action                   |  1- 3 |  4- 6 |  7- 9 || total
-------------------------+-------+-------+-------++-------
Melee: Short sword       |    26 |     4 |       ||    30
       Hand axe          |       |    31 |    13 ||    44
Throw: Tomahawk          |       |     2 |       ||     2
 Cast: Pain              |    39 |    23 |       ||    62
       Animate Skeleton  |     6 |     9 |       ||    15
       Vampiric Draining |    13 |    39 |     4 ||    56
Evoke: Wand              |       |     4 |       ||     4
  Use: Scroll            |       |     5 |       ||     5
 Stab: Sleeping          |     3 |     1 |     1 ||     5
       Paralysed         |       |     9 |       ||     9
  Eat: Chunk             |     6 |     7 |       ||    13
       Ration            |       |     1 |     1 ||     2
Armor: Robe              |    12 |    13 |     3 ||    28
Dodge: Dodged            |    51 |    49 |    17 ||   117
Block: Buckler           |       |     5 |     3 ||     8

Vanquished Creatures
  Eustachio (D:4)
  An ogre (D:4)
  A bullfrog (D:4)
  2 orc priests (D:3)
  A centaur zombie (D:4)
  Jessica (D:3)
  2 orc wizards (D:3)
  4 adders
  5 dart slugs
  A leopard gecko (D:3)
  11 orcs
  6 giant cockroaches
  4 goblins (D:1)
  7 hobgoblins
  8 jackals
  9 bats
  8 frilled lizards
  6 kobolds
  4 rats
82 creatures vanquished.

Vanquished Creatures (collateral kills)
  A goblin (D:1)
  A hobgoblin (D:3)
2 creatures vanquished.

Grand Total: 84 creatures vanquished
